 Dungeon Crawl Stone Soup version 0.30.0-29-ga12c61a403 (webtiles) character file.

Game seed: 10807151753727624005

15 monsoonserge the Conjurer (level 2, -8/22 HPs)
             Began as a Demonspawn Reaver on June 24, 2023.
             Engulfed by a cloud of flame (12 damage)
             ... on level 1 of the Dungeon.
             The game lasted 00:02:37 (799 turns).

monsoonserge the Conjurer (Demonspawn Reaver)        Turns: 799, Time: 00:02:37

Health: -8/22      AC:  9    Str: 12    XL:     2   Next: 34%
Magic:  5/5        EV: 11    Int: 14    God:
Gold:   83         SH:  0    Dex: 11    Spells: 4/5 levels left

rFire   . . .        a - +0 falchion
rCold   . . .        (no shield)
rNeg    . . .        b - +0 leather armour
rPois   .            (no helmet)
rElec   .            (no cloak)
rCorr   .            (no gloves)
SInv    .            (no boots)
Will    .....        (no amulet)
Stlth   +            h - +4 ring of protection
HPRegen 0.23/turn    (no ring)
MPRegen 0.09/turn

%: no passive effects
@: no status effects
A: icy blue scales 1
a: no special abilities


You were on level 1 of the Dungeon.
You visited 1 branch of the dungeon, and saw 1 of its levels.

You collected 83 gold pieces.

Inventory:

Hand Weapons
 a - a +0 falchion (weapon)
Armour
 b - a +0 leather armour (worn)
 c - a +0 ring mail
Jewellery
 h - a +4 ring of protection (left hand)
Scrolls
 e - a scroll of fear {unknown}
 f - a scroll of identify {unknown}
 i - a scroll of enchant armour {unknown}
 j - a scroll of amnesia {unknown}
Potions
 d - a potion of degeneration {unknown}
 g - a potion of berserk rage {unknown}


   Skills:
 + Level 2.0 Fighting
 + Level 2.9 Long Blades
 * Level 0.5 Armour
 + Level 1.8 Dodging
 + Level 2.2 Spellcasting
 + Level 3.1 Conjurations


You had 4 spell levels left.
You knew the following spells:

 Your Spells              Type           Power      Damage    Failure   Level
a - Kiss of Death         Conj/Necr      20%        2d7       16%         1

Your spell library contained the following spells:

 Spells                   Type           Power      Damage    Failure   Level
 Momentum Strike          Conj/Tloc      10%        3d8       24%         2
 Sandblast                Erth           2%         2d4       30%         1
 Passwall                 Tmut/Erth      0%         N/A       41%         2
 Hailstorm                Conj/Ice       5%         3d4       43%         3
 Stone Arrow              Conj/Erth      10%        3d7       43%         3


Dungeon Overview and Level Annotations

Branches:
Dungeon (1/15)

Altars:


Innate Abilities, Weirdness & Mutations

You are partially covered in icy blue scales. (AC +2)


Message History

A frilled lizard comes into view.
Found a scroll labelled QOZUAK MALUT.
The frilled lizard hisses angrily.
The endoplasm freezes you.
You are frozen.
You hit the endoplasm.
The endoplasm is moderately wounded.
The endoplasm closely misses you.
You slash the endoplasm!
You kill the endoplasm!
You barely miss the frilled lizard. The frilled lizard barely misses you.
You miss the frilled lizard. The frilled lizard barely misses you.
The frilled lizard closely misses you.
You slash the frilled lizard!
You kill the frilled lizard!
You see here a frilled lizard corpse.
You see here a frilled lizard corpse.
You see here a +0 hand axe.
Found 10 gold pieces.
j - a scroll labelled QOZUAK MALUT
There are no items here.
Press: ? - help, . - travel, g - get item You can't see that place. [Stash: a book of Air] [the floor.]
Press: ? - help, v - describe, . - travel A stone wall.
Really walk into a travel-excluded area?
You're in a travel-excluded area, stopping explore.
Partly explored, can't reach some items and places.
Partly explored, can't reach some items and places.
Things that are here:
a jackal corpse; a dart slug corpse Really walk into a travel-excluded area?
You are engulfed in blazing flames.
Ouch! That really hurt!
* * * LOW HITPOINT WARNING * * *
You are engulfed in blazing flames.
Ouch! That really hurt!
You die...

#.####..#.##..# ##..
#...#####...### ##...
##### #.§§# ####>...
#§§.# #....... #§§.#
###.##.... ###...######
#.........
...$.!.○☼☼.####.#.##.#.#
§§.:...§§§...##.#.##.###
.§.($!.@§§.#....#..#.#
###...#########.##.#.#
#§§§# #.#....# #§°§#
#......## #.☼§#
#####.......#
#...#####......#†...#
##........###.......#
########## ###...###
#..)####


There were no monsters in sight!

Vanquished Creatures
  A dart slug (D:1)
  2 bats (D:1)
  An endoplasm (D:1)
  A giant cockroach (D:1)
  4 jackals (D:1)
  A ball python (D:1)
  2 frilled lizards (D:1)
12 creatures vanquished.

Vanquished Creatures (others)
  A rat (D:1)
1 creature vanquished.

Grand Total: 13 creatures vanquished

Notes
Turn   | Place    | Note
-------+----------+-------------------------------------------
     0 | D:1      | monsoonserge the Demonspawn Reaver began the quest for the
                  | Orb.
     0 | D:1      | Reached XP level 1. HP: 16/16 MP: 3/3
   614 | D:1      | Gained mutation: You are partially covered in icy blue
                  | scales. (AC +2) [demonic ancestry]
   614 | D:1      | Reached XP level 2. HP: 15/22 MP: 5/5
   799 | D:1      | Engulfed by a cloud of flame

Illustrated notes

Levels and vault maps discovered:
D:1:      amcnicky_arrival_abandoned_market, layout_loops_cross,
          lemuel_flame_loot_1

Action                     || total
---------------------------++-------
  Melee: Falchion          ||    41
         Punch             ||     1
 Armour: Leather armour    ||     9
  Dodge: Dodged            ||    36
